 Dungeon Crawl Stone Soup version 0.31-a0-236-g9a0961fb85 (webtiles) character file.

Game seed: 1214020351239460919

81 qw the Shooter (level 4, -2/26 HPs)
             Began as a Gargoyle Hexslinger on July 10, 2023.
             Slain by an orc wizard
             ... wielding a +0 dagger
              (3 damage)
             ... on level 3 of the Dungeon.
             The game lasted 00:00:50 (1999 turns).

qw the Shooter (Gargoyle Hexslinger)                Turns: 1999, Time: 00:00:51

Health: -2/26      AC: 10    Str: 12    XL:     4   Next: 42%
Magic:  5/5        EV: 10    Int: 13    God:
Gold:   77         SH:  0    Dex: 14    Spells: 4/5 levels left

rFire   . . .        Y - +1 sling
rCold   . . .        (no shield)
rNeg    + . .        b - +0 ring mail
rPois   inf          k - +1 helmet
rElec   +            (no cloak)
rCorr   .            (no gloves)
SInv    .            (no boots)
Will    .....        f - amulet of the acrobat Stlth
                     (no ring)
HPRegen 0.24/turn    (no ring)
MPRegen 0.09/turn

%: acrobat
@: confused
A: sickness immunity, AC +3, negative energy resistance 1, electricity
resistance, torment resistance 1, petrification resistance
a: no special abilities


You were on level 3 of the Dungeon.
You visited 1 branch of the dungeon, and saw 3 of its levels.

You collected 77 gold pieces.


Innate Abilities, Weirdness & Mutations

You are immune to sickness and miasma.
Your stone body is resilient. (AC +3)
You are immune to poison.
You resist negative energy. (rN+)
You are resistant to electric shocks. (rElec)
You are resistant to unholy torment.
You are immune to petrification.


   Skills:
 - Level 2.2 Fighting
 + Level 3.9 Ranged Weapons
 - Level 1.0 Armour
 - Level 1.5 Dodging
 - Level 1.0 Spellcasting
 - Level 2.6 Hexes


You had 4 spell levels left.
You knew the following spells:

 Your Spells              Type           Power      Damage    Failure   Level
a - Slow                  Hex            28%        N/A       22%         1

Your spell library contained the following spells:

 Spells                   Type           Power      Damage    Failure   Level
 Inner Flame              Hex/Fire       4%         N/A       73%         3
 Portal Projectile        Hex/Tloc       8%         N/A       73%         3
 Cause Fear               Hex            3%         N/A       91%         4

Inventory:

Hand Weapons
 Y - a +1 sling (weapon)
Armour
 b - a +0 ring mail (worn)
 k - a +1 helmet (worn)
Jewellery
 f - an amulet of the acrobat (around neck)
 g - a +5 ring of evasion
Scrolls
 a - 2 scrolls of teleportation
 d - 2 scrolls of amnesia {unknown}
 m - 2 scrolls of identify
Potions
 c - a potion of heal wounds {unknown}
 e - a potion of resistance {unknown}
 i - a potion of curing {unknown}
 j - a potion of mutation {unknown}
 l - a potion of invisibility {unknown}

Dungeon Overview and Level Annotations

Branches:
Dungeon (3/15)

Altars:
Wu Jian

Shops:
D:2 (


Message History

You shoot a sling bullet. Something hits you but does no damage.
You hear some strange, mumbled words.
You are more confused.
Something hits you but does no damage.
You shoot a sling bullet. Something hits you.
Something hits you but does no damage.
You hear some strange, mumbled words.
You are more confused.
Something hits you but does no damage. x3
You shoot a sling bullet.
Something hits you but does no damage. x2; Something hits you.
You shoot a sling bullet.
You hear some strange, mumbled words.
A puff of flame appears from out of thin air!
The puff of flame hits you.
Something hits you but does no damage. x2
You shoot a sling bullet.
Something hits you but does no damage. x2
You hear some strange, mumbled words.
You are more confused.
You hear some strange, mumbled words.
Something tries to affect you, but you resist.
You hear some strange, mumbled words.
Something tries to affect you, but you resist.
Something hits you but does no damage.
You shoot a sling bullet.
You hear some strange, mumbled words.
Something tries to affect you, but you resist.
Something hits you but does no damage. x2
You shoot a sling bullet.
Something hits you but does no damage. x3
You shoot a sling bullet.
Something hits you but does no damage. x6
You shoot a sling bullet.
Something hits you but does no damage. x2; Something hits you.
You shoot a sling bullet.
Something hits you but does no damage. x3
You shoot a sling bullet. Something hits you. x2
You die...

####.#......#####
.##....#.##...#
.......#.##...#.
# #.#...........
#.
#.#....########
#.#.##...#### ##
#......### .#
###.#..# .# #
#@{# .# #.{{)# .#
+...>..# .#
#....... ##
#.......+
#.......#
#.......#
#.......#


There were no monsters in sight!

Vanquished Creatures
  3 gnolls
  An adder (D:3)
  2 orcs (D:3)
  4 bats
  3 endoplasms
  A giant cockroach (D:3)
  2 goblins
  4 hobgoblins
  3 jackals (D:1)
  3 quokkas
  2 ball pythons (D:2)
  2 frilled lizards (D:2)
  7 kobolds
  4 rats
41 creatures vanquished.

Notes
Turn   | Place    | Note
-------+----------+-------------------------------------------
     0 | D:1      | qw the Gargoyle Hexslinger began the quest for the Orb.
     0 | D:1      | Reached XP level 1. HP: 12/12 MP: 2/2
     0 | D:1      | 0 ||| qw: Version: 0.3-a-52-g30416fa
     0 | D:1      | 0 ||| qw: Game counter: 4914
     0 | D:1      | 0 ||| qw: Melee chars always use a shield: true
     0 | D:1      | 0 ||| qw: God list: Okawaru
     0 | D:1      | 0 ||| qw: Allow faded altars: false
     0 | D:1      | 0 ||| qw: Do Orc after clearing Dungeon:15 true
     0 | D:1      | 0 ||| qw: Do second Lair branch before Depths: true
     0 | D:1      | 0 ||| qw: Lair rune preference: random
     0 | D:1      | 0 ||| qw: Goals: Normal
     0 | D:1      | 0 ||| PLANNING D:1-11
   167 | D:1      | Reached XP level 2. HP: 16/16 MP: 3/3
   398 | D:1      | 398 ||| UPGRADING to +0 leather armour.
   408 | D:1      | 408 ||| DROPPING +0 robe.
   409 | D:1      | 409 ||| UPGRADING to amulet of the acrobat.
   414 | D:1      | 414 ||| READING scroll labelled ADDEOCK CISOSU.
   415 | D:1      | 415 ||| READING scroll labelled OWUAGE FINNE.
   416 | D:1      | 416 ||| READING scroll labelled KIMEKEFAEW.
   419 | D:1      | 419 ||| READING scroll labelled NELOEF WIYKLO.
   420 | D:1      | 420 ||| READING scroll labelled ZIASENGOE GUGH.
   421 | D:1      | 421 ||| DROPPING scroll of poison.
   450 | D:2      | Reached skill level 3 in Ranged Weapons
   453 | D:2      | 453 ||| STAIRDANCE
   460 | D:1      | Reached XP level 3. HP: 10/21 MP: 4/4
   513 | D:2      | 513 ||| STAIRDANCE
   538 | D:2      | 538 ||| STAIRDANCE
   564 | D:2      | 564 ||| STAIRDANCE
   601 | D:2      | 601 ||| STAIRDANCE
   618 | D:2      | 618 ||| STAIRDANCE
   660 | D:2      | 660 ||| STAIRDANCE
   828 | D:2      | Found an ornate altar of the Wu Jian Council.
  1125 | D:2      | Found Jadej's Antique Weapon Shoppe.
  1409 | D:2      | 1409 ||| UPGRADING to +0 ring mail.
  1419 | D:2      | 1419 ||| DROPPING +0 leather armour.
  1420 | D:2      | 1420 ||| UPGRADING to +1 helmet.
  1425 | D:2      | 1425 ||| READING scroll labelled GEAPOC FALUIRI.
  1426 | D:2      | 1426 ||| READING scroll labelled ODDUIN PUPINO.
  1427 | D:2      | 1427 ||| READING scroll labelled LUXE ZOLYIRAEXT.
  1428 | D:2      | 1428 ||| READING 2 scrolls of identify.
  1428 | D:2      | 1428 ||| IDENTIFYING lumpy brown potion
  1429 | D:2      | 1429 ||| DROPPING potion of magic.
  1478 | D:3      | Reached XP level 4. HP: 26/26 MP: 5/5
  1636 | D:3      | Found an ornate altar of the Wu Jian Council.
  1724 | D:3      | Reached skill level 1 in Armour
  1990 | D:3      | HP: 4/26 [something (4)]
  1992 | D:3      | HP: 1/26 [something/puff of flame (3)]
  1997 | D:3      | HP: 1/26 [something (1)]
  1999 | D:3      | Slain by an orc wizard

Levels and vault maps discovered:
D:1:      dpeg_arrival_pond, layout_rooms
D:2:      layout_basic, basic_altar, serial_shops, shop,
          nicolae_twisty_statue_hallways
D:3:      layout_basic, pdpol_wu_jian_five_deadly_venoms, uniq_terence

Skill      XL: |  1  2  3  4 |
---------------+-------------+-----
Ranged Weapons | 3 |  3.9
Fighting       | 2 |  2.2
Armour         | 1 |  1.0
Dodging        | |  1.5
Spellcasting   | |  1.0
Hexes          | |  2.6

Action                     |  1- 3 |  4- 6 || total
---------------------------+-------+-------++-------
   Fire: Sling             |   114 |    51 ||   165
    Use: Scroll            |     9 |       ||     9
 Armour: Robe              |     2 |       ||     2
         Leather armour    |    21 |       ||    21
         Ring mail         |     2 |    65 ||    67
  Dodge: Dodged            |    42 |     7 ||    49

Table legend:
 A = Non-vault XP
 B = Vault XP
 C = Vault XP percentage of total XP
 D = Non-vault monster count
 E = Vault monster count
 F = Vault count percentage of total count
                 A         B        C        D         E       F
            +---------+---------+-------+---------+---------+-------
      Total |     117 |       0 |   0.0 |      41 |       0 |   0.0
            +---------+---------+-------+---------+---------+-------
        D:1 |      23 |       0 |   0.0 |       6 |       0 |   0.0
        D:2 |      56 |       0 |   0.0 |      20 |       0 |   0.0
        D:3 |      38 |       0 |   0.0 |      15 |       0 |   0.0
            +---------+---------+-------+---------+---------+-------
